 Dungeon Crawl Stone Soup version 0.28-a0-1152-g9c71ebef14 (webtiles) character file.

Game seed: 13578804327667805463

321 spaghetti the Skirmisher (level 6, -2/55 HPs)
             Began as a Mummy Delver on Dec 14, 2021.
             Was an Initiate of Cheibriados.
             Slain by Dowan (5 damage)
             ... on level 4 of the Dungeon.
             The game lasted 00:04:47 (2418 turns).

spaghetti the Skirmisher (Mummy Delver)             Turns: 2418, Time: 00:04:47

Health: -2/55      AC:  3    Str: 19    XL:     6   Next: 22%
Magic:  6/6        EV: 11    Int: 10    God:    Cheibriados [......]
Gold:   53         SH:  0    Dex: 14    Spells: 5/5 levels left

rFire   x . .      SeeInvis .   a - +0 falchion {long}
rCold   + . .      Faith    .   (no shield)
rNeg    + + +      Spirit   .   b - +0 leather armour
rPois   ∞          Reflect  .   (no helmet)
rElec   .          Harm     .   (no cloak)
rCorr   .          Rampage  .   (no gloves)
Will    .....                   (no boots)
Stlth   +.........              (no amulet)
HPRegen 0.18/turn               (no ring)
MPRegen 0.10/turn               (no ring)

@: lit by a corona, glowing, very slow
A: cold resistance 1, negative energy resistance 3, torment resistance 2, heat
vulnerability 1, no potions
a: Renounce Religion


You were on level 4 of the Dungeon.
You worshipped Cheibriados.
Cheibriados was noncommittal.
You visited 2 branches of the dungeon, and saw 5 of its levels.

You collected 53 gold pieces.


Innate Abilities, Weirdness & Mutations

You are immune to poison.
Your flesh is cold resistant. (rC+)
You are immune to negative energy. (rN+++)
You are immune to unholy pain and torment.
You are vulnerable to heat. (rF-)
You do not drink.


   Skills:
 + Level 7.1 Fighting
 - Level 1.5 Long Blades
 - Level 1.5 Dodging
 - Level 4.1 Stealth


You had 5 spell levels left.
You didn't know any spells.
Your spell library was empty.

Inventory:

Hand Weapons
 a - a +0 falchion (weapon) {long}
Missiles
 g - 56 stones (quivered) {throwing}
 h - 23 sling bullets
Armour
 b - a +0 leather armour (worn)
Wands
 f - a wand of digging (1)
Scrolls
 d - a scroll of immolation {!r!r}

Dungeon Overview and Level Annotations

Branches:
Dungeon (6/15)             Temple (1/1) D:5

Altars:
Cheibriados
Elyvilon
Fedhas
Hepliaklqana
Kikubaaqudgha
Nemelex Xobeh
Trog
Uskayaw
Vehumet
Xom
Zin
The Shining One

Annotations:
D:4 Dowan, Duvessa

#.##.... #. .#.....## #.
.......### ##### #. #......#§##
#...# #. ...#e§#.## #...# #.
#.##§###e## ####...####. #.#..#
##S## #.......).#. .
#..#§#####e######........... ..
##§.§(....!.@...##..###....##
...##...#.#.............#
#...##
.....>......######.##.#.###.#.#
...####.#..## ##...#....#)###
.. .....# #.............# .
####.# #....##....<... .#
#...#######.#.# #######.# #.###
#####.#.# .......# #.#
#.....#.#


You could see Duvessa (fast), Dowan and a ball python.


Message History

Unknown command.
You can't drink.
Unknown command.
Aiming: Dig
Press: ? - help, Shift-Dir - straight line A rock wall.
The rock shatters into small pieces.
The adder bites you.
* * * LOW HITPOINT WARNING * * *
The ball python bites you but does no damage.
The ball python constricts you.
* * * LOW HITPOINT WARNING * * *
😱 HP[-4]
You take 4 damage, and now have 8/55 hp.
Unknown command.
Unknown command.
The ball python's grasp on you weakens, but your attempt to escape fails.
The adder barely misses you. The ball python barely misses you.
The ball python constricts you. The adder barely misses you.
Dowan casts a spell.
Dowan blinks! 😱 HP[+1] Unknown command.
Unknown command.
You escape the ball python's grasp.
The adder bites you but does no damage.
The ball python bites you but does no damage.
The ball python closely misses you. The adder misses you.
A hobgoblin comes into view.
The ball python closely misses you. x2; The adder completely misses you. 😱 HP[+1]
You can't drink.
Okay, then.
Unknown command.
Okay, then.
The adder bites you.
* * * LOW HITPOINT WARNING * * *
😱 HP[-1]
You take 1 damage, and now have 9/55 hp.
The adder bites you.
* * * LOW HITPOINT WARNING * * *
😱 HP[-3]
You take 3 damage, and now have 6/55 hp.
Okay, then.
Okay, then.
You can't drink.
Okay, then.
You hit the adder but do no damage. The adder bites you but does no damage.
The adder bites you.
* * * LOW HITPOINT WARNING * * *
Dowan casts a spell.
Dowan blinks! 😱 HP[-3]
You take 3 damage, and now have 3/55 hp.
You can't drink.
You can't drink.
Okay, then.
As you read the scroll of fog, it crumbles to dust.
The scroll dissolves into smoke.
The adder bites you.
* * * LOW HITPOINT WARNING * * *
😱 HP[-1]
You take 1 damage, and now have 2/55 hp.
Unknown command.
Unknown command.
Unknown command.
Okay, then.
Aiming: Dig
Press: ? - help, Shift-Dir - straight line A rock wall.
The rock shatters into small pieces.
The adder closely misses you. x2
Unknown command.
You slash the adder!
You kill the adder!
Cheibriados thoroughly appreciates the change of pace.
The ball python misses you.
The ball python barely misses you. 😱 HP[+1] Duvessa says, "Where magic fails, the sword succeeds!"
The ball python closely misses you. The ball python grabs you.
The ball python constricts you.
Unknown command.
Unknown command.
Unknown command.
Unknown command.
You escape the ball python's grasp.
Dowan gestures wildly while chanting.
Dowan blinks!
Dowan casts a spell at you.
You are outlined in light.
Unknown command.
Okay, then.
Okay, then.
You can't drink.
You barely miss Dowan. Dowan hits you with a +0 dagger.
* * * LOW HITPOINT WARNING * * *
😱 HP[-1]
You take 1 damage, and now have 2/55 hp.
Unknown command.
Unknown command.
You hit Dowan. Dowan hits you with a +0 dagger.
You die...

Skill      XL: |  1  2  3  4  5  6 |
---------------+-------------------+-----
Fighting       | 5 6 7 |  7.1
Long Blades    | |  1.5
Dodging        | |  1.5
Stealth        | |  4.1

Action                   |  1- 3 |  4- 6 || total
-------------------------+-------+-------++-------
Melee: Falchion          |       |   158 ||   158
Evoke: Wand              |     4 |     4 ||     8
  Use: Scroll            |     1 |     3 ||     4
 Stab: Sleeping          |       |     4 ||     4
Armor: Leather armour    |       |    52 ||    52
Dodge: Dodged            |     1 |   129 ||   130

Levels and vault maps discovered:
D:3:      layout_basic, okawaru_ov_weapons_minmay,
          lemuel_coloured_pillars_altar, ashenzari_conservatory_becter,
          gup_sewer_entry_pipe, hangedman_decor_points
D:4:      layout_loops_ring, uniq_duvessa, uniq_natasha
D:5:      layout_cave_pools, temple_pool_b, serial_gnoll_camp,
          gnoll_camp_mini_doghouse, gnoll_camp_medium_01,
          gnoll_camp_mini_doghouse, gnoll_camp_mini_doghouse
D:6:      layout_loops_ring, eino_small_chamber_without_monster
Temple:   minmay_temple_bridge_abc

Notes
Turn   | Place    | Note
-------+----------+-------------------------------------------
     0 | D:5      | spaghetti the Mummy Delver began the quest for the Orb.
     0 | D:5      | Reached XP level 1. HP: 18/18 MP: 1/1
     0 | D:5      | magus.rc [v1.9.6]
    15 | D:5      | Noticed a sky beast
    18 | D:5      | Noticed an iguana
    24 | D:5      | Killed a sky beast
    25 | D:5      | Reached skill level 5 in Fighting
    25 | D:5      | Reached XP level 2. HP: 27/27 MP: 2/2
    25 | D:5      | Reached XP level 3. HP: 33/33 MP: 3/3
    25 | D:5      | Reached XP level 4. HP: 39/39 MP: 4/4
   215 | D:5      | Reached XP level 5. HP: 28/46 MP: 5/5
   393 | D:4      | Noticed Natasha
   406 | D:4      | Killed Natasha
   407 | D:4      | Reached skill level 6 in Fighting
   524 | D:4      | HP: 8/46 [worm (11)]
  1536 | D:5      | Found a staircase to the Ecumenical Temple.
  1562 | D:6      | Reached XP level 6. HP: 19/53 MP: 6/6
  1876 | Temple   | Entered the Ecumenical Temple
  2053 | Temple   | Became a worshipper of Cheibriados the Contemplative
  2164 | D:5      | Reached skill level 7 in Fighting
  2380 | D:4      | Noticed Dowan
  2381 | D:4      | Noticed Duvessa
  2398 | D:4      | HP: 12/55 [adder (2)]
  2405 | D:4      | HP: 9/55 [adder (1)]
  2408 | D:4      | HP: 3/55 [adder (3)]
  2417 | D:4      | HP: 2/55 [Dowan (1)]
  2418 | D:4      | Slain by Dowan

Vanquished Creatures
  A sky beast (D:5)
  A hound (D:4)
  A centaur skeleton (D:5)
  An iguana (D:5)
  Natasha (D:4)
  A hound skeleton (D:4)
  4 adders
  A howler monkey skeleton (D:5)
  4 gnolls (D:5)
  A worm (D:4)
  A dart slug (D:5)
  5 orcs
  3 endoplasms (D:4)
  A giant cockroach (D:4)
  A hobgoblin (D:4)
  A kobold (D:4)
  A ball python (D:4)
  A rat (D:3)
30 creatures vanquished.

Table legend:
 A = Non-vault XP
 B = Vault XP
 C = Vault XP percentage of total XP
 D = Non-vault monster count
 E = Vault monster count
 F = Vault count percentage of total count
                 A         B        C        D         E       F
            +---------+---------+-------+---------+---------+-------
      Total |     325 |     134 |  29.2 |      24 |       6 |  20.0
            +---------+---------+-------+---------+---------+-------
        D:3 |       1 |       0 |   0.0 |       1 |       0 |   0.0
        D:4 |      53 |      78 |  59.5 |      11 |       2 |  15.4
        D:5 |     242 |      56 |  18.8 |       9 |       4 |  30.8
        D:6 |      29 |       0 |   0.0 |       3 |       0 |   0.0
            +---------+---------+-------+---------+---------+-------

Illustrated notes

Table legend:
 A = Kills in this place as a percentage of kills in entire the game.
 B = Kills by you in this place as a percentage of kills by you in the entire game.
 C = Kills by friends in this place as a percentage of kills by friends in the entire game.
 D = Other kills in this place as a percentage of other kills in the entire game.
 E = Experience gained in this place as a percentage of experience gained in the entire game.
 F = Experience gained in this place divided by the number of levels of this place that you have seen.
                   A       B       C       D       E      F
               +-------+-------+-------+-------+-------+----------------------
         Total | 100.0 | 100.0 |   N/A |   N/A | 100.0 |  91.8
       Dungeon | 100.0 | 100.0 |   N/A |   N/A | 100.0 | 114.8
               +-------+-------+-------+-------+-------+----------------------

Table legend: (Time is in decaauts)
 A = Elapsed time spent in this place.
 B = Non-inter-level travel time spent in this place.
 C = Inter-level travel time spent in this place.
 D = Time resting spent in this place.
 E = Time spent auto-exploring this place.
 F = Levels seen in this place.
 G = Mean time per level.
                   A        B        C        D        E       F      G
               +--------+--------+--------+--------+--------+-----+--------+
         Total |   2499 |   2407 |     92 |   1267 |    649 |   5 |  499.8 |
       Dungeon |   2295 |   2230 |     65 |   1267 |    482 |   4 |  573.8 |
        Temple |    204 |    178 |     26 |      0 |    167 |   1 |  204.0 |
               +--------+--------+--------+--------+--------+-----+--------+

Top non-repeatable levels by time:
     D:5: 1043 daAuts
     D:4: 794 daAuts
     D:6: 266 daAuts
  Temple: 204 daAuts
     D:3: 189 daAuts
